 Dungeon Crawl Stone Soup version 0.29.0-4-gdea44cf6ec (webtiles) character file.

Game seed: 16683013040592755832

19248 qw the Brawler (level 12, -5/118 HPs)
             Began as a Troll Cinder Acolyte on Sept 2, 2022.
             Was an Initiate of Ignis.
             Killed from afar by an oklob plant (26 damage)
             ... with a splash of acid
             ... on level 2 of the Lair of Beasts.
             The game lasted 00:06:13 (10934 turns).

qw the Brawler (Troll Cinder Acolyte)              Turns: 10934, Time: 00:06:13

Health: -5/118     AC:  0    Str: 35    XL:     12   Next: 34%
Magic:  12/12      EV: 13    Int: 10    God:    Ignis [......]
Gold:   432        SH:  0    Dex:  5    Spells: 13/13 levels left

rFire   + . .      SeeInvis .     - Unarmed
rCold   . . .      Faith    .   (no shield)
rNeg    . . .      Spirit   .   c - +1 steam dragon scales
rPois   .          Reflect  .   (helmet restricted)
rElec   .          Harm     .   (no cloak)
rCorr   .          Rampage  .   (gloves unavailable)
Will    .....                   (boots unavailable)
Stlth   +.........              (no amulet)
HPRegen 1.09/turn               m - +4 ring of evasion
MPRegen 0.13/turn               l - +6 ring of strength

@: corroded
A: large, unfitting armour, claws 3, regeneration 1, shaggy fur 1, tough skin 1,
beak, talons 2
a: Renounce Religion, Rising Flame


You were on level 2 of the Lair of Beasts.
You worshipped Ignis.
Ignis was noncommittal.
You visited 2 branches of the dungeon, and saw 13 of its levels.
You also visited: Ossuary.

You collected 963 gold pieces.
You spent 531 gold pieces at shops.


Innate Abilities, Weirdness & Mutations

You are too large for most types of armour.
You have claws for hands.
Your natural rate of healing is unusually fast.
You are covered in fur. (AC +1)
You have tough skin. (AC +1)
You have a beak for a mouth.
You have razor-sharp toenails.


   Skills:
 - Level 7.0 Fighting
 - Level 7.6 Throwing
 - Level 2.0 Armour
 - Level 2.4 Dodging
 + Level 16.6 Unarmed Combat
 - Level 1.0 Spellcasting
 - Level 2.1 Fire Magic


You had 13 spell levels left.
You didn't know any spells.
Your spell library contained the following spells:

 Spells                   Type           Power      Damage    Failure   Level
 Scorch                   Fire           8%         2d5       22%         2

Inventory:

Missiles
 a - 8 large rocks (quivered)
 d - 4 boomerangs
 e - 4 javelins
Armour
 c - +1 steam dragon scales (worn)
 p - a +2 hat
Jewellery
 j - a ring of protection from fire
 k - a ring of protection from fire
 l - a +6 ring of strength (right claw)
 m - a +4 ring of evasion (left claw)
 n - a ring of magical power
Wands
 q - a wand of digging (5)
Scrolls
 h - 7 scrolls of identify
 o - 4 scrolls of enchant weapon
Potions
 b - a potion of mutation
 f - a potion of haste
 g - 10 potions of curing
 i - a potion of might

Dungeon Overview and Level Annotations

Branches:
Dungeon (11/15)            Temple (0/1) D:7            Lair (2/5) D:11
    Orc (0/2) D:11        Ossuary (visited)
  Swamp: Lair:2-3    Shoals: Lair:2-3     Snake: Lair:2-3    Spider: Lair:2-3

Altars:
Ashenzari
Dithmenos
Nemelex Xobeh
Okawaru
Sif Muna
Trog
Uskayaw
Wu Jian
Xom
Yredelemnul
Jiyva

Shops:
D:7 =   D:11 *

Portals:
Trove: D:11 (show slimy rune of Zot)
Bailey: D:10

Annotations:
D:5 3 runed translucent doors, qw's ghost, novice TrCA
D:9 3 runed translucent doors, qw's ghost, novice TrCA


Message History

a - 6 large rocks (gained 2)
Found a scimitar.
a - 7 large rocks (gained 1)
a - 8 large rocks (gained 1)
A black mamba comes into view.
The black mamba hisses angrily.
Enter note:
Enter note:
Enter note:
Enter note: Throw: 8 large rocks
Press: ? - help, Q - select action, (/) - cycle Shift-Dir - straight line, f - black mamba You throw a large rock.
The large rock barely misses the black mamba.
The black mamba bites you!
You mangle the black mamba!!
The black mamba is severely wounded.
The black mamba closely misses you.
You mangle the black mamba!!
You kill the black mamba!
You start resting.
HP restored.
a - 8 large rocks (gained 1)
The oklob plant spits acid at you. The splash of acid hits you!!
The acid corrodes you! The oklob plant spits acid at you.
The splash of acid hits you!! The oklob plant spits acid at you.
The splash of acid hits you! The acid corrodes you!
The oklob plant spits acid at you. The splash of acid hits you!!
The oklob plant spits acid at you. The splash of acid hits you!!
The acid corrodes you!
You claw the oklob plant!
You claw the oklob plant, but do no damage.
You peck the oklob plant, but do no damage.
The oklob plant is moderately damaged.
The oklob plant spits acid at you. The splash of acid hits you!!
You die...

.......Y.Y.YYh.h......#
........!h........)....
.........##...........h
..........##...........
##.P..##.####.......###.
#.##.. .##..P....#..##..
.... .................
.................P......
................@.......
........................
........................
...................#....
..................## ...
.................## ..
.................# .
...............###
..............##


You could see an oklob plant.

Vanquished Creatures
  Gastronok (Lair:2)
  A hydra (Lair:2)
  Erica (Lair:2)
  2 two-headed ogres
  A cyclops (D:11)
  A black mamba (Lair:2)
  3 cane toads
  A gargoyle (D:11)
  A rime drake (Lair:1)
  2 unseen horror zombies (D:8)
  2 komodo dragons
  2 kobold demonologists (D:11)
  2 hornets
  A troll (D:9)
  Prince Ribbit (D:6)
  A polar bear (Lair:2)
  3 blink frogs (Lair:2)
  Sigmund (D:2)
  20 yaks
  A wyvern (Lair:1)
  4 steam dragons
  4 vampire mosquitoes
  A water moccasin (D:8)
  Edmund (D:5)
  A black bear (D:4)
  6 orc warriors
  2 hornet zombies (D:8)
  An ice beast (D:7)
  2 sky beasts (D:7)
  6 wolves (Lair:2)
  6 centaurs
  8 kobold brigands
  7 bullfrogs
  2 gnoll sergeants
  A necrophage (D:5)
  10 scorpions
  18 wights
  4 killer bees (D:7)
  A howler monkey (D:9)
  3 centaur zombies
  3 human zombies (Ossuary)
  A jelly (D:6)
  An orc priest (D:9)
  2 hounds
  3 iguanas (D:5)
  5 scorpion zombies (Ossuary)
  10 orc wizards
  3 mummies (Ossuary)
  3 howler monkey zombies (D:8)
  4 adders
  8 gnolls
  2 shadow imps (D:8)
  An ufetubus (D:6)
  8 dart slugs
  38 orcs
  5 ball pythons
  6 bats
  13 endoplasms
  5 giant cockroaches
  7 goblins
  7 hobgoblins
  8 jackals (D:1)
  3 quokkas
  3 frilled lizards (D:3)
  4 gnoll zombies (Ossuary)
  A goblin zombie (Ossuary)
  4 hobgoblin zombies (Ossuary)
  29 kobolds
  3 kobold zombies (Ossuary)
  4 orc zombies (Ossuary)
  6 rats
336 creatures vanquished.

Vanquished Creatures (others)
  A bush (Lair:2)
  8 fungi
  11 plants
20 creatures vanquished.

Grand Total: 356 creatures vanquished

Notes
Turn   | Place    | Note
-------+----------+-------------------------------------------
     0 | D:1      | qw the Troll Cinder Acolyte began the quest for the Orb.
     0 | D:1      | Reached XP level 1. HP: 22/22 MP: 1/1
     0 | D:1      | 0 ||| qw: Version: 0.1-a-97-g2dd2ca4
     0 | D:1      | 0 ||| qw: Game counter: 4995
     0 | D:1      | 0 ||| qw: Always use a shield: true
     0 | D:1      | 0 ||| qw: God list: Okawaru
     0 | D:1      | 0 ||| qw: Allow faded altars: false
     0 | D:1      | 0 ||| qw: Do Orc after D:15 true
     0 | D:1      | 0 ||| qw: Do second Lair branch before Depths: true
     0 | D:1      | 0 ||| qw: Lair rune preference: random
     0 | D:1      | 0 ||| qw: Plans: Normal
     0 | D:1      | 0 ||| PLANNING D:1-11
    71 | D:1      | Reached XP level 2. HP: 29/29 MP: 2/2
    76 | D:1      | 76 ||| Stepping ~*~*~tactically~*~*~ (hiding).
   198 | D:1      | 198 ||| Stepping ~*~*~tactically~*~*~ (hiding).
   320 | D:1      | Reached skill level 4 in Unarmed Combat
   358 | D:1      | 358 ||| Stepping ~*~*~tactically~*~*~ (stealth).
   359 | D:1      | 359 ||| Stepping ~*~*~tactically~*~*~ (stealth).
   367 | D:1      | Reached XP level 3. HP: 31/36 MP: 3/3
   372 | D:1      | 372 ||| Stepping ~*~*~tactically~*~*~ (stealth).
   373 | D:1      | 373 ||| Stepping ~*~*~tactically~*~*~ (stealth).
   511 | D:1      | 511 ||| Stepping ~*~*~tactically~*~*~ (stealth).
   848 | D:1      | 848 ||| DROPPING ring of flight.
   849 | D:1      | 849 ||| READING scroll labelled WICEIC NATEVA.
   850 | D:1      | 850 ||| READING scroll labelled OBRUAKLESEI.
   951 | D:1      | 951 ||| READING scroll labelled JAQACWIROT.
   952 | D:1      | 952 ||| READING scroll labelled ROFFYR LEOSMU.
   953 | D:1      | 953 ||| READING scroll labelled DAK PULUYWOELY.
   954 | D:1      | 954 ||| READING scroll labelled POPHUY ULABO.
   955 | D:1      | 955 ||| DRINKING 2 fizzy purple potions.
   980 | D:2      | Found a faded altar of an unknown god.
  1281 | D:2      | 1281 ||| Stepping ~*~*~tactically~*~*~ (stealth).
  1283 | D:2      | 1283 ||| Stepping ~*~*~tactically~*~*~ (stealth).
  1289 | D:2      | Reached XP level 4. HP: 44/44 MP: 4/4
  1313 | D:2      | Reached skill level 5 in Unarmed Combat
  1439 | D:2      | Noticed Sigmund
  1445 | D:2      | Killed Sigmund
  1446 | D:2      | Reached skill level 6 in Unarmed Combat
  1446 | D:2      | Reached XP level 5. HP: 28/50 MP: 5/5
  1626 | D:2      | 1626 ||| READING 2 scrolls labelled POEDUTT IXTIT.
  1627 | D:2      | 1627 ||| READING scroll labelled JUHIACWIOL.
  1628 | D:2      | 1628 ||| DRINKING 2 metallic white potions.
  1628 | D:2      | Gained mutation: You have sharp toenails. [potion of
                  | mutation]
  1628 | D:2      | Gained mutation: You have razor-sharp toenails. [potion of
                  | mutation]
  1628 | D:2      | Gained mutation: You have a beak for a mouth. [potion of
                  | mutation]
  1629 | D:2      | 1629 ||| DRINKING 2 puce potions.
  1630 | D:2      | 1630 ||| DROPPING scroll of magic mapping.
  1631 | D:2      | 1631 ||| DROPPING potion of attraction.
  1731 | D:3      | Found a shimmering altar of Xom.
  1769 | D:3      | Found a sparkling altar of Nemelex Xobeh.
  2132 | D:3      | Reached skill level 7 in Unarmed Combat
  2132 | D:3      | Reached XP level 6. HP: 38/59 MP: 6/6
  2462 | D:3      | 2462 ||| READING scroll labelled XAPAIL NUGOKHI.
  2463 | D:3      | 2463 ||| READING scroll labelled WATUGI OTHYAXT.
  2464 | D:3      | 2464 ||| Stepping randomly (stuck).
  2465 | D:3      | 2465 ||| Stepping ~*~*~tactically~*~*~ (cloud).
  2583 | D:4      | Found a shimmering blue altar of Sif Muna.
  2741 | D:4      | 2741 ||| Stepping ~*~*~tactically~*~*~ (hiding).
  2957 | D:4      | 2957 ||| Stepping ~*~*~tactically~*~*~ (hiding).
  3093 | D:4      | Found an iron altar of Okawaru.
  3167 | D:4      | Identified the +8 whip of Acwufovo {flame, rElec Str+3
                  | Stlth+}
  3423 | D:4      | 3423 ||| READING scroll labelled RAR ESUIDDIY.
  3424 | D:4      | 3424 ||| READING 3 scrolls of identify.
  3424 | D:4      | 3424 ||| IDENTIFYING fizzy sapphire potion
  3425 | D:4      | 3425 ||| READING 2 scrolls of identify.
  3425 | D:4      | 3425 ||| IDENTIFYING fizzy silvery potion
  3426 | D:4      | 3426 ||| DROPPING potion of ambrosia.
  3427 | D:4      | 3427 ||| DROPPING potion of lignification.
  3464 | D:5      | Entered Level 5 of the Dungeon
  3464 | D:5      | Noticed Edmund
  3479 | D:5      | Killed Edmund
  3480 | D:5      | Reached skill level 8 in Unarmed Combat
  3480 | D:5      | Reached XP level 7. HP: 54/66 MP: 7/7
  3687 | D:5      | 3687 ||| Stepping ~*~*~tactically~*~*~ (stealth).
  3688 | D:5      | 3688 ||| Stepping ~*~*~tactically~*~*~ (stealth).
  3689 | D:5      | 3689 ||| Stepping ~*~*~tactically~*~*~ (stealth).
  3690 | D:5      | 3690 ||| Stepping ~*~*~tactically~*~*~ (stealth).
  3695 | D:5      | 3695 ||| Stepping ~*~*~tactically~*~*~ (stealth).
  3704 | D:5      | 3704 ||| Stepping ~*~*~tactically~*~*~ (outnumbered).
  3711 | D:5      | Reached skill level 3 in Fighting
  4253 | D:5      | Found a runed translucent gate.
  4254 | D:5      | Found a runed translucent gate.
  4256 | D:5      | Found a runed translucent gate.
  4257 | D:5      | Noticed qw's ghost (novice TrCA)
  4257 | D:5      | Noticed qw's ghost (novice TrCA)
  4257 | D:5      | Noticed qw's ghost (novice TrCA)
  4316 | D:5      | 4316 ||| READING scroll labelled MEULOX NASUMUI.
  4317 | D:5      | 4317 ||| READING 2 scrolls of identify.
  4317 | D:5      | 4317 ||| IDENTIFYING golden potion
  4318 | D:5      | 4318 ||| DROPPING potion of invisibility.
  4368 | D:6      | Found a broken altar of Ashenzari.
  4432 | D:6      | 4432 ||| Stepping ~*~*~tactically~*~*~ (stealth).
  4457 | D:6      | 4457 ||| Stepping ~*~*~tactically~*~*~ (hiding).
  4470 | D:6      | Reached skill level 9 in Unarmed Combat
  4516 | D:6      | Reached skill level 1 in Throwing
  4516 | D:6      | Reached XP level 8. HP: 70/75 MP: 8/8
  4601 | D:6      | Found a bloodstained altar of Trog.
  4668 | D:6      | Noticed Prince Ribbit
  4678 | D:6      | 4678 ||| INVOKING Fiery Armour.
  4679 | D:6      | HP: 8/75 [Prince Ribbit (14)]
  4680 | D:6      | Killed Prince Ribbit
  5029 | D:6      | Found a hide-covered altar of Uskayaw.
  5030 | D:6      | 5030 ||| INVOKING Fiery Armour.
  5038 | D:6      | 5038 ||| Stepping ~*~*~tactically~*~*~ (outnumbered).
  5039 | D:6      | 5039 ||| Stepping ~*~*~tactically~*~*~ (outnumbered).
  5045 | D:6      | 5045 ||| Stepping ~*~*~tactically~*~*~ (outnumbered).
  5046 | D:6      | 5046 ||| Stepping ~*~*~tactically~*~*~ (outnumbered).
  5047 | D:6      | 5047 ||| Stepping ~*~*~tactically~*~*~ (outnumbered).
  5056 | D:6      | 5056 ||| UPGRADING to +0 robe of cold resistance.
  5066 | D:6      | 5066 ||| DROPPING +0 robe.
  5067 | D:6      | 5067 ||| READING scroll labelled IFEAGR NIOPSI.
  5071 | D:6      | 5071 ||| READING 2 scrolls of identify.
  5071 | D:6      | 5071 ||| IDENTIFYING murky white potion
  5101 | D:7      | 5101 ||| PLANNING OSSUARY
  5131 | D:7      | Reached skill level 10 in Unarmed Combat
  5149 | D:7      | Found a sand-covered staircase.
  5154 | Ossuary  | Entered an ossuary
  5171 | Ossuary  | 5171 ||| Stepping ~*~*~tactically~*~*~ (stealth).
  5204 | Ossuary  | 5204 ||| Stepping ~*~*~tactically~*~*~ (outnumbered).
  5333 | Ossuary  | 5333 ||| Stepping ~*~*~tactically~*~*~ (outnumbered).
  5341 | Ossuary  | Reached XP level 9. HP: 78/84 MP: 9/9
  5378 | Ossuary  | Reached skill level 11 in Unarmed Combat
  5532 | Ossuary  | 5532 ||| Stepping ~*~*~tactically~*~*~ (stealth).
  5539 | Ossuary  | 5539 ||| Stepping ~*~*~tactically~*~*~ (stealth).
  5573 | Ossuary  | 5573 ||| UPGRADING to ring of protection from fire.
  5574 | Ossuary  | 5574 ||| UPGRADING to ring of protection from fire.
  5575 | Ossuary  | 5575 ||| READING scroll labelled XITYANIA KUYC.
  5576 | Ossuary  | 5576 ||| DRINKING 2 fizzy red potions.
  5577 | Ossuary  | 5577 ||| DRINKING 2 murky brown potions.
  5578 | Ossuary  | 5578 ||| READING 4 scrolls of identify.
  5578 | Ossuary  | 5578 ||| IDENTIFYING bubbling purple potion
  5579 | Ossuary  | 5579 ||| DROPPING potion of magic.
  5615 | D:7      | 5615 ||| PLANNING D:1-11
  5697 | D:7      | Found Qual's Jewellery Shoppe.
  5708 | D:7      | 5708 ||| BUYING ring "Ruatuqon" {rCorr Str+4} (531 gold).
  5708 | D:7      | Bought the ring "Ruatuqon" {rCorr Str+4} for 531 gold
                  | pieces
  5708 | D:7      | 5708 ||| SHOPLISTING ring of poison resistance (300 gold,
                  | have 2).
  5708 | D:7      | 5708 ||| SHOPLISTING ring of see invisible (225 gold, have
                  | 2).
  5750 | D:7      | 5750 ||| Stepping ~*~*~tactically~*~*~ (outnumbered).
  5880 | D:7      | Found a staircase to the Ecumenical Temple.
  5906 | D:7      | Reached skill level 3 in Throwing
  5940 | D:7      | Paralysed by a hornet for 2 turns
  5942 | D:7      | 5942 ||| INVOKING Fiery Armour.
  5944 | D:7      | HP: 20/84 [poisoned by a hornet]
  5949 | D:7      | HP: 16/84 [poisoned by a hornet]
  6130 | D:7      | 6130 ||| Stepping ~*~*~tactically~*~*~ (stealth).
  6373 | D:7      | 6373 ||| UPGRADING to ring "Ruatuqon" {rCorr Str+4}.
  6375 | D:7      | 6375 ||| READING scroll labelled DOEXOC HAWY.
  6376 | D:7      | 6376 ||| READING scroll labelled BELOTIDGHANOX.
  6415 | D:7      | 6415 ||| READING 3 scrolls of identify.
  6415 | D:7      | 6415 ||| IDENTIFYING grey potion
  6416 | D:7      | 6416 ||| DROPPING potion of flight.
  6441 | D:8      | 6441 ||| STAIRDANCE
  6448 | D:7      | 6448 ||| INVOKING Fiery Armour.
  6453 | D:7      | Reached skill level 12 in Unarmed Combat
  6514 | D:8      | 6514 ||| STAIRDANCE
  6516 | D:7      | 6516 ||| Stepping ~*~*~tactically~*~*~ (outnumbered).
  6518 | D:7      | 6518 ||| Stepping ~*~*~tactically~*~*~ (outnumbered).
  6519 | D:7      | 6519 ||| Stepping ~*~*~tactically~*~*~ (outnumbered).
  6520 | D:7      | 6520 ||| Stepping ~*~*~tactically~*~*~ (outnumbered).
  6521 | D:7      | 6521 ||| Stepping ~*~*~tactically~*~*~ (outnumbered).
  6522 | D:7      | 6522 ||| Stepping ~*~*~tactically~*~*~ (outnumbered).
  6523 | D:7      | 6523 ||| Stepping ~*~*~tactically~*~*~ (outnumbered).
  6525 | D:7      | HP: 19/81 [wight/+2 falchion (4)]
  6526 | D:7      | 6526 ||| READING 2 scrolls of teleportation.
  6527 | D:7      | 6527 ||| DRINKING potion of heal wounds.
  6617 | D:8      | 6617 ||| Stepping ~*~*~tactically~*~*~ (hiding).
  6618 | D:8      | 6618 ||| Stepping ~*~*~tactically~*~*~ (hiding).
  6619 | D:8      | 6619 ||| Stepping ~*~*~tactically~*~*~ (hiding).
  6691 | D:8      | Reached XP level 10. HP: 93/96 MP: 10/10
  6746 | D:8      | 6746 ||| Stepping ~*~*~tactically~*~*~ (stealth).
  6751 | D:8      | 6751 ||| Stepping ~*~*~tactically~*~*~ (outnumbered).
  6760 | D:8      | 6760 ||| Stepping ~*~*~tactically~*~*~ (stealth).
  6762 | D:8      | 6762 ||| Stepping ~*~*~tactically~*~*~ (stealth).
  6870 | D:8      | 6870 ||| Stepping ~*~*~tactically~*~*~ (outnumbered).
  6872 | D:8      | 6872 ||| FLEEEEING.
  6873 | D:8      | 6873 ||| FLEEEEING.
  6874 | D:8      | 6874 ||| FLEEEEING.
  6875 | D:8      | 6875 ||| FLEEEEING.
  6876 | D:8      | 6876 ||| FLEEEEING.
  6877 | D:8      | 6877 ||| FLEEEEING.
  6879 | D:8      | 6879 ||| STAIRDANCE
  6894 | D:7      | 6894 ||| UPGRADING to +0 steam dragon scales.
  6904 | D:7      | 6904 ||| DROPPING +0 robe of cold resistance.
  6905 | D:7      | 6905 ||| READING 3 scrolls labelled UPNOUL FIPHONN.
  6906 | D:7      | 6906 ||| DROPPING 2 scrolls of noise.
  6910 | D:8      | 6910 ||| STAIRDANCE
  6939 | D:8      | Found a basalt altar of Yredelemnul.
  6946 | D:8      | 6946 ||| INVOKING Fiery Armour.
  6955 | D:8      | 6955 ||| Stepping ~*~*~tactically~*~*~ (outnumbered).
  7039 | D:8      | 7039 ||| Stepping ~*~*~tactically~*~*~ (hiding).
  7461 | D:9      | Noticed a two-headed ogre
  7465 | D:9      | Killed a two-headed ogre
  7466 | D:9      | Reached skill level 13 in Unarmed Combat
  7477 | D:9      | 7477 ||| Stepping ~*~*~tactically~*~*~ (hiding).
  7654 | D:9      | 7654 ||| INVOKING Fiery Armour.
  7657 | D:9      | 7657 ||| DRINKING 10 potions of curing.
  7657 | D:9      | 7657 ||| (to cure confusion)
  7706 | D:9      | Found a runed translucent gate.
  7706 | D:9      | Found a runed translucent gate.
  7706 | D:9      | Found a runed translucent gate.
  7710 | D:9      | Noticed qw's ghost (novice TrCA)
  7724 | D:9      | 7724 ||| Stepping ~*~*~tactically~*~*~ (stealth).
  7726 | D:9      | 7726 ||| Stepping ~*~*~tactically~*~*~ (hiding).
  7729 | D:9      | 7729 ||| DRINKING 9 potions of curing.
  7729 | D:9      | 7729 ||| (to cure confusion)
  7856 | D:9      | Reached skill level 14 in Unarmed Combat
  7914 | D:9      | 7914 ||| Stepping ~*~*~tactically~*~*~ (stealth).
  7917 | D:9      | 7917 ||| Stepping ~*~*~tactically~*~*~ (stealth).
  7920 | D:9      | 7920 ||| Stepping ~*~*~tactically~*~*~ (outnumbered).
  7924 | D:9      | 7924 ||| DRINKING 8 potions of curing.
  7924 | D:9      | 7924 ||| (to cure confusion)
  7927 | D:9      | 7927 ||| DRINKING 7 potions of curing.
  7927 | D:9      | 7927 ||| (to cure confusion)
  8171 | D:9      | 8171 ||| READING scroll of enchant armour.
  8171 | D:9      | 8171 ||| ENCHANTING +0 steam dragon scales.
  8224 | D:9      | 8224 ||| Stepping ~*~*~tactically~*~*~ (stealth).
  8238 | D:9      | 8238 ||| Stepping ~*~*~tactically~*~*~ (stealth).
  8239 | D:9      | 8239 ||| Stepping ~*~*~tactically~*~*~ (stealth).
  8240 | D:9      | 8240 ||| Stepping ~*~*~tactically~*~*~ (stealth).
  8241 | D:9      | 8241 ||| Stepping ~*~*~tactically~*~*~ (outnumbered).
  8243 | D:9      | 8243 ||| FLEEEEING.
  8246 | D:9      | 8246 ||| Stepping ~*~*~tactically~*~*~ (outnumbered).
  8302 | D:9      | Found a shadowy altar of Dithmenos.
  8411 | D:9      | Found a viscous altar of Jiyva.
  8412 | D:9      | 8412 ||| UPGRADING to +4 ring of evasion.
  8435 | D:10     | Entered Level 10 of the Dungeon
  8461 | D:10     | Noticed a two-headed ogre
  8465 | D:10     | 8465 ||| INVOKING Fiery Armour.
  8468 | D:10     | Killed a two-headed ogre
  8469 | D:10     | Reached skill level 6 in Fighting
  8469 | D:10     | Reached XP level 11. HP: 80/105 MP: 11/11
  8476 | D:10     | 8476 ||| Stepping ~*~*~tactically~*~*~ (outnumbered).
  8477 | D:10     | 8477 ||| Stepping ~*~*~tactically~*~*~ (outnumbered).
  8478 | D:10     | 8478 ||| Stepping ~*~*~tactically~*~*~ (outnumbered).
  8479 | D:10     | 8479 ||| Stepping ~*~*~tactically~*~*~ (outnumbered).
  8480 | D:10     | 8480 ||| Stepping ~*~*~tactically~*~*~ (outnumbered).
  8481 | D:10     | 8481 ||| Stepping ~*~*~tactically~*~*~ (outnumbered).
  8482 | D:10     | 8482 ||| Stepping ~*~*~tactically~*~*~ (outnumbered).
  8483 | D:10     | 8483 ||| Stepping ~*~*~tactically~*~*~ (outnumbered).
  8484 | D:10     | 8484 ||| Stepping ~*~*~tactically~*~*~ (outnumbered).
  8485 | D:10     | 8485 ||| Stepping ~*~*~tactically~*~*~ (outnumbered).
  8485 | D:10     | Found an ornate altar of the Wu Jian Council.
  8488 | D:10     | 8488 ||| Stepping ~*~*~tactically~*~*~ (outnumbered).
  8494 | D:10     | 8494 ||| Stepping ~*~*~tactically~*~*~ (outnumbered).
  8576 | D:10     | Found a flagged portal.
  8602 | D:10     | 8602 ||| INVOKING Fiery Armour.
  8607 | D:10     | 8607 ||| Stepping ~*~*~tactically~*~*~ (outnumbered).
  8608 | D:10     | 8608 ||| Stepping ~*~*~tactically~*~*~ (outnumbered).
  8614 | D:10     | Reached skill level 6 in Throwing
  8616 | D:10     | 8616 ||| Stepping ~*~*~tactically~*~*~ (outnumbered).
  8617 | D:10     | 8617 ||| Stepping ~*~*~tactically~*~*~ (outnumbered).
  8618 | D:10     | 8618 ||| Stepping ~*~*~tactically~*~*~ (outnumbered).
  8619 | D:10     | 8619 ||| Stepping ~*~*~tactically~*~*~ (outnumbered).
  8620 | D:10     | 8620 ||| Stepping ~*~*~tactically~*~*~ (outnumbered).
  8621 | D:10     | 8621 ||| Stepping ~*~*~tactically~*~*~ (outnumbered).
  8622 | D:10     | 8622 ||| Stepping ~*~*~tactically~*~*~ (outnumbered).
  8623 | D:10     | 8623 ||| Stepping ~*~*~tactically~*~*~ (outnumbered).
  8624 | D:10     | 8624 ||| Stepping ~*~*~tactically~*~*~ (outnumbered).
  8625 | D:10     | 8625 ||| Stepping ~*~*~tactically~*~*~ (outnumbered).
  8626 | D:10     | 8626 ||| Stepping ~*~*~tactically~*~*~ (outnumbered).
  8627 | D:10     | 8627 ||| Stepping ~*~*~tactically~*~*~ (outnumbered).
  8628 | D:10     | 8628 ||| Stepping ~*~*~tactically~*~*~ (outnumbered).
  8630 | D:10     | 8630 ||| Stepping ~*~*~tactically~*~*~ (outnumbered).
  8826 | D:10     | 8826 ||| INVOKING Fiery Armour.
  8897 | D:10     | 8897 ||| UPGRADING to +6 ring of strength.
  8899 | D:10     | 8899 ||| DROPPING ring of protection from cold.
  8900 | D:10     | 8900 ||| DROPPING ring "Ruatuqon" {rCorr Str+4}.
  8936 | D:11     | Found a staircase to the Lair.
  8946 | D:11     | 8946 ||| INVOKING Fiery Armour.
  8949 | D:11     | 8949 ||| Stepping ~*~*~tactically~*~*~ (outnumbered).
  8952 | D:11     | 8952 ||| Stepping ~*~*~tactically~*~*~ (outnumbered).
  8954 | D:11     | HP: 24/105 [gargoyle/+2 mace of holy wrath (15)]
  8955 | D:11     | 8955 ||| READING 2 scrolls of teleportation.
  8955 | D:11     | HP: 4/105 [gargoyle/stone arrow (21)]
  8956 | D:11     | 8956 ||| DRINKING 3 potions of heal wounds.
  8957 | D:11     | 8957 ||| DRINKING 2 potions of heal wounds.
  9013 | D:11     | 9013 ||| Stepping ~*~*~tactically~*~*~ (hiding).
  9025 | D:11     | 9025 ||| Stepping ~*~*~tactically~*~*~ (outnumbered).
  9026 | D:11     | 9026 ||| Stepping ~*~*~tactically~*~*~ (outnumbered).
  9029 | D:11     | 9029 ||| Stepping ~*~*~tactically~*~*~ (outnumbered).
  9037 | D:11     | HP: 26/105 [poisoned by a gnoll sergeant]
  9038 | D:11     | 9038 ||| READING scroll of teleportation.
  9039 | D:11     | 9039 ||| DRINKING potion of heal wounds.
  9138 | D:11     | 9138 ||| Stepping ~*~*~tactically~*~*~ (stealth).
  9174 | D:11     | 9174 ||| Stepping ~*~*~tactically~*~*~ (hiding).
  9175 | D:11     | 9175 ||| Stepping ~*~*~tactically~*~*~ (hiding).
  9176 | D:11     | 9176 ||| Stepping ~*~*~tactically~*~*~ (hiding).
  9189 | D:11     | Reached skill level 15 in Unarmed Combat
  9255 | D:11     | 9255 ||| Stepping ~*~*~tactically~*~*~ (stealth).
  9256 | D:11     | 9256 ||| Stepping ~*~*~tactically~*~*~ (stealth).
  9257 | D:11     | 9257 ||| Stepping ~*~*~tactically~*~*~ (stealth).
  9258 | D:11     | 9258 ||| Stepping ~*~*~tactically~*~*~ (hiding).
  9260 | D:11     | 9260 ||| INVOKING Fiery Armour.
  9261 | D:11     | 9261 ||| Stepping ~*~*~tactically~*~*~ (stealth).
  9279 | D:11     | 9279 ||| Stepping ~*~*~tactically~*~*~ (outnumbered).
  9281 | D:11     | 9281 ||| FLEEEEING.
  9285 | D:11     | 9285 ||| Stepping ~*~*~tactically~*~*~ (outnumbered).
  9286 | D:11     | 9286 ||| Stepping ~*~*~tactically~*~*~ (outnumbered).
  9328 | D:11     | Found Peujowei's Overcharged Wands.
  9337 | D:11     | 9337 ||| SHOPLISTING wand of digging (11) (693 gold, have
                  | 348).
  9403 | D:11     | 9403 ||| Stepping ~*~*~tactically~*~*~ (stealth).
  9406 | D:11     | 9406 ||| Stepping ~*~*~tactically~*~*~ (stealth).
  9577 | D:11     | Found a portal to a secret trove of treasure.
  9598 | D:11     | Found a staircase to the Orcish Mines.
  9642 | D:11     | 9642 ||| PLANNING LAIR
  9686 | Lair:1   | Entered Level 1 of the Lair of Beasts
  9744 | Lair:1   | Reached skill level 16 in Unarmed Combat
 10194 | Lair:1   | 10194 ||| DROPPING orb of mayhem.
 10262 | Lair:2   | Noticed an oklob plant
 10263 | Lair:2   | 10263 ||| INVOKING Fiery Armour.
 10264 | Lair:2   | Noticed a death yak
 10264 | Lair:2   | Noticed a death yak
 10265 | Lair:2   | Noticed a death yak
 10265 | Lair:2   | Noticed a death yak
 10268 | Lair:2   | 10268 ||| Stepping ~*~*~tactically~*~*~ (outnumbered).
 10269 | Lair:2   | 10269 ||| Stepping ~*~*~tactically~*~*~ (outnumbered).
 10270 | Lair:2   | 10270 ||| Stepping ~*~*~tactically~*~*~ (outnumbered).
 10271 | Lair:2   | 10271 ||| Stepping ~*~*~tactically~*~*~ (outnumbered).
 10272 | Lair:2   | 10272 ||| Stepping ~*~*~tactically~*~*~ (outnumbered).
 10273 | Lair:2   | 10273 ||| Stepping ~*~*~tactically~*~*~ (outnumbered).
 10275 | Lair:2   | 10275 ||| Stepping ~*~*~tactically~*~*~ (outnumbered).
 10278 | Lair:2   | 10278 ||| Stepping ~*~*~tactically~*~*~ (stealth).
 10278 | Lair:2   | HP: 22/109 [death yak (10)]
 10279 | Lair:2   | 10279 ||| READING scroll of teleportation.
 10280 | Lair:2   | 10280 ||| DRINKING potion of heal wounds.
 10281 | Lair:2   | 10281 ||| Stepping ~*~*~tactically~*~*~ (outnumbered).
 10282 | Lair:2   | 10282 ||| Stepping ~*~*~tactically~*~*~ (outnumbered).
 10379 | Lair:2   | Reached XP level 12. HP: 118/118 MP: 12/12
 10450 | Lair:2   | Noticed Gastronok
 10461 | Lair:2   | Killed Gastronok
 10683 | Lair:2   | Noticed Erica
 10684 | Lair:2   | 10684 ||| INVOKING Fiery Armour.
 10691 | Lair:2   | Killed Erica
 10823 | Lair:2   | Noticed a five-headed hydra
 10833 | Lair:2   | Killed a seven-headed hydra
 10933 | Lair:2   | HP: 20/118 [oklob plant/splash of acid (21)]
 10934 | Lair:2   | Killed from afar by an oklob plant

Levels and vault maps discovered:
D:1:      scummos_arrival_simple_crosswalls, layout_basic
D:2:      layout_loops_cross, hellmonk_ecumenical_altar_arch_garden,
          uniq_sigmund
D:3:      layout_basic, mainiacjoe_overflow_big_doors
D:4:      layout_basic, nicolae_sif_muna_condensation, lemuel_doored_altar
D:5:      layout_cave_pods, gammafunk_ghost_cemetery, uniq_edmund
D:6:      layout_gridville, nicolae_uskayaw_dance_studio, ashenzari_altar_1,
          bloody_trog, uniq_prince_ribbit1
D:7:      layout_gridville, minmay_temple_entry_statues_fountains,
          enter_ossuary_5, serial_shops, nicolae_diamond_shop
D:8:      layout_layer_cave, nicolae_yredelemnul_corpse_copse
D:9:      layout_roguey, lemuel_coloured_pillars_altar, gammafunk_ghost_ooze,
          hangedman_decor_growths, serial_park_tiny_2
D:10:     layout_big_octagon, pdpol_wu_jian_five_deadly_venoms, enter_bailey_6
D:11:     nicolae_BIG_FREAKIN_CUBE, layout_cave_pools, orc_0_dummy,
          enter_trove_3, nicolae_shop_overcharged_wands
Lair:1:   layout_loops_ring, minmay_stone_trees_small
Lair:2:   layout_gridlike, uniq_gastronok, uniq_erica

Skill      XL: |  1  2  3  4  5  6  7  8  9 10 11 12 |
---------------+-------------------------------------+-----
Unarmed Combat | 4 6 7 8 9 10 12 14 16 | 16.6
Fighting       | 3 4 5 6 7 |  7.0
Throwing       | 1 5 6 7 |  7.6
Dodging        | 2 |  2.4
Armour         | 2 |  2.0
Spellcasting   | |  1.0
Fire Magic     | |  2.1

Action                   |  1- 3 |  4- 6 |  7- 9 | 10-12 || total
-------------------------+-------+-------+-------+-------++-------
Melee: Unarmed           |   100 |    98 |   230 |   325 ||   753
       Punch             |     2 |     2 |     6 |    18 ||    28
       Kick              |       |    16 |    38 |    70 ||   124
       Peck              |       |     6 |    23 |    48 ||    77
Throw: Boomerang         |       |       |    20 |       ||    20
       Large rock        |       |       |    13 |    54 ||    67
       Javelin           |       |       |       |     1 ||     1
Invok: Fiery Armour      |       |       |     4 |     9 ||    13
  Use: Scroll            |     6 |     7 |    10 |     5 ||    28
       Potion            |     1 |     2 |     3 |     8 ||    14
Armor: Robe              |    47 |    29 |    42 |     4 ||   122
       Steam dragon scal |       |       |       |   123 ||   123
Dodge: Dodged            |    43 |    24 |    81 |   222 ||   370

Table legend:
 A = Non-vault XP
 B = Vault XP
 C = Vault XP percentage of total XP
 D = Non-vault monster count
 E = Vault monster count
 F = Vault count percentage of total count
                 A         B        C        D         E       F
            +---------+---------+-------+---------+---------+-------
      Total |   22140 |    5358 |  19.5 |     278 |      58 |  17.3
            +---------+---------+-------+---------+---------+-------
        D:1 |      59 |       0 |   0.0 |      28 |       0 |   0.0
        D:2 |      56 |     239 |  81.0 |      19 |       1 |   5.0
        D:3 |     119 |       0 |   0.0 |      24 |       0 |   0.0
        D:4 |     206 |       0 |   0.0 |      15 |       0 |   0.0
        D:5 |     392 |     158 |  28.7 |      16 |       1 |   5.9
        D:6 |     314 |     381 |  54.8 |      10 |       9 |  47.4
        D:7 |    1704 |       0 |   0.0 |      29 |       0 |   0.0
        D:8 |    1415 |    1178 |  45.4 |      27 |       9 |  25.0
        D:9 |    3040 |       0 |   0.0 |      33 |       0 |   0.0
       D:10 |    3566 |       0 |   0.0 |      20 |       0 |   0.0
       D:11 |    4806 |       0 |   0.0 |      31 |       0 |   0.0
     Lair:1 |    1620 |       0 |   0.0 |       6 |       0 |   0.0
     Lair:2 |    4843 |    2300 |  32.2 |      20 |       2 |   9.1
    Ossuary |       0 |    1102 | 100.0 |       0 |      36 | 100.0
            +---------+---------+-------+---------+---------+-------
